 Dungeon Crawl Stone Soup version 0.23.2-33-g5129a83184 (webtiles) character file.

Game seed: 3366319562203641454

1827 psyvane the Grappler (level 8, -1/59 HPs)
             Began as a Green Draconian Transmuter on June 30, 2019.
             Was a Priest of Dithmenos.
             Slain by Harold
             ... wielding a +0 glaive
              (25 damage)
             ... on level 7 of the Dungeon.
             The game lasted 00:33:43 (6300 turns).

psyvane the Grappler (Green Draconian Transmuter)   Turns: 6300, Time: 00:33:43

Health: -1/59      AC:  7    Str: 14    XL:     8   Next: 86%
Magic:  1/11       EV: 14    Int: 19    God:    Dithmenos [***...]
Gold:   300        SH:  0    Dex: 12    Spells: 0/11 levels left

rFire    . . .     SeeInvis .     - Unarmed
rCold    . . .     Gourm    .   (no shield)
rNeg     . . .     Faith    .   (armour unavailable)
rPois    +         Spirit   .   (helmet restricted)
rElec    .         Reflect  .   (no cloak)
rCorr    .         Harm     .   (no gloves)
MR       .....                  (no boots)
Stlth    ++........             (no amulet)
HPRegen  0.19/turn              e - +1 ring of protection
MPRegen  0.12/turn              (no ring)

@: brilliant, marked, wreathed by umbra
A: breathe noxious fumes, unfitting armour, poison resistance, cold-blooded, AC
+6
a: Breathe Noxious Fumes, Shadow Step, Renounce Religion


You were on level 7 of the Dungeon.
You worshipped Dithmenos.
Dithmenos was most pleased with you.
You were not hungry.

You visited 1 branch of the dungeon, and saw 7 of its levels.

You collected 300 gold pieces.

Inventory:

Jewellery
 e - a +1 ring of protection (left hand)
Wands
 o - a wand of random effects (28)
 q - a wand of paralysis (6)
 r - a wand of flame (27)
Scrolls
 d - 3 scrolls of blinking
 f - 3 scrolls of remove curse
 h - a scroll of enchant armour {unknown}
 i - 5 scrolls of identify
 j - 4 scrolls of teleportation
Potions
 a - a potion of lignification
 g - a potion of flight {unknown}
 k - a potion of invisibility {unknown}
 l - a potion of might {unknown}
 n - a potion of brilliance
 p - 3 potions of haste {unknown}
Comestibles
 c - 13 rations


   Skills:
 - Level 1.6 Fighting
 * Level 5.1 Dodging
 - Level 0.8 Stealth
   Level 0.2 Shields
 * Level 8.3 Unarmed Combat
 - Level 2.0 Spellcasting
 * Level 6.6 Transmutations


You couldn't memorise any spells.
You knew the following spells:

 Your Spells              Type           Power        Failure   Level  Hunger
a - Beastly Appendage     Tmut           #####.       1%          1    #......
b - Sticks to Snakes      Tmut           #####...     1%          2    ###....
c - Spider Form           Tmut/Pois      ####......   1%          3    ###....
d - Blade Hands           Tmut           #####.....   3%          5    ######.

Your spell library contained the following spells:

 Spells                   Type           Power        Failure   Level  Hunger
 Ice Form                 Ice/Tmut       ####....     5%          4    #####..


Dungeon Overview and Level Annotations

Branches:
Dungeon (7/15)             Temple (0/1) D:4

Altars:
Dithmenos
Makhleb
Sif Muna
Uskayaw
Yredelemnul
Zin

Shops:
D:6 ?

Annotations:
D:4 Natasha
D:7 Harold


Innate Abilities, Weirdness & Mutations

You can breathe blasts of noxious fumes.
Your lurid green scales are hard. (AC +6)
You cannot fit into any form of body armour.
Your system is resistant to poisons. (rPois)
You are cold-blooded and may be slowed by cold attacks.


Message History

You feel better. Harold casts a spell at you. The harpoon shot hits you!
You are yanked forward by the harpoon shot.
You feel better.
Harold looks more healthy.
Harold closely misses you.
Harold points at you and mumbles some strange words.
A sentinel's mark forms upon you.
You see here a ration.
Your adder bites Harold.
Harold barely misses your adder.
Your adder bites Harold but does no damage.
Casting: Sticks to Snakes (safe; 1% risk of failure)
Confirm with . or Enter, or press ? or * to list all spells.
You don't have enough magic to cast that spell.
You punch Harold!
Harold is almost dead.
Your adder bites Harold.
Harold is poisoned.
Your adder poisons Harold!
You hit Harold.
Harold is almost dead.
Harold hits you with a +0 glaive!!
You die...

######### #.#.. #.......#
#.#.# #.......# #.#.#
#.......# #.#.. #.......#
######.#.. #.......#
#......... #.......#
#.####.#.. #...%...#
#...#.. #...@S..# #.###..
#.###@### #.##...... #.#
#.# ###.##.####. #.# #.#
#........... #.# #.#
#.........#( ####.###.#
#..#........ #........#
#..######.#.
#.##.########>..........
#ยง##.#.........######.##


You could see Harold and a friendly adder.

Vanquished Creatures
  Pikel (D:6)
  A hippogriff (D:7)
  Eustachio (D:6)
  Sigmund (D:6)
  A water moccasin (D:5)
  An ogre (D:6)
  3 slaves (D:6)
  4 bullfrogs
  A scorpion (D:4)
  2 howler monkeys
  A bullfrog zombie (D:6)
  A crimson imp (D:6)
  A hound (D:2)
  A centaur skeleton (D:6)
  Natasha (D:4)
  An orc wizard (D:5)
  A worker ant (D:5)
  9 adders
  4 oozes
  A worm (D:2)
  2 dart slugs (D:1)
  4 leopard geckos
  11 orcs
  A ball python (D:2)
  4 giant cockroaches
  9 goblins
  7 hobgoblins
  7 jackals
  5 quokkas
  9 bats
  7 frilled lizards
  11 kobolds
  A quokka skeleton (D:3)
  9 rats
124 creatures vanquished.

Vanquished Creatures (collateral kills)
  Edmund (D:4)
  A slave (D:6)
  Ijyb (D:3)
  A worker ant zombie (D:6)
  Robin (D:3)
  An adder (D:3)
  An orc (D:6)
  A ball python (D:4)
  4 goblins (D:3)
  A hobgoblin (D:3)
  4 frilled lizards (D:2)
17 creatures vanquished.

Grand Total: 141 creatures vanquished

Notes
Turn   | Place    | Note
-------+----------+-------------------------------------------
     0 | D:1      | psyvane the Draconian Transmuter began the quest for the
                  | Orb.
     0 | D:1      | Reached XP level 1. HP: 16/16 MP: 3/3
   194 | D:1      | Reached XP level 2. HP: 23/23 MP: 3/5
   198 | D:1      | Learned a level 2 spell: Sticks to Snakes
   707 | D:1      | Reached XP level 3. HP: 28/28 MP: 4/6
   911 | D:2      | Found a faded altar of an unknown god.
   933 | D:2      | Became a worshipper of Dithmenos the Shadowed
   933 | D:2      | Reached * piety under Dithmenos
  1039 | D:2      | Reached skill level 4 in Unarmed Combat
  1039 | D:2      | Reached XP level 4. HP: 16/35 MP: 5/7
  1044 | D:2      | Learned a level 3 spell: Spider Form
  1600 | D:2      | Reached ** piety under Dithmenos
  1603 | D:2      | Reached XP level 5. HP: 21/40 MP: 1/8
  1832 | D:2      | Found a deep blue altar of Sif Muna.
  2063 | D:3      | Found a hide-covered altar of Uskayaw.
  2275 | D:3      | Noticed Robin
  2339 | D:3      | Killed Robin
  2480 | D:3      | Found a shadowy altar of Dithmenos.
  2589 | D:3      | Noticed Ijyb
  2594 | D:3      | Paralysed by Ijyb for 6 turns
  2600 | D:3      | Killed Ijyb
  2600 | D:3      | Reached *** piety under Dithmenos
  2639 | D:3      | Reached skill level 5 in Unarmed Combat
  3012 | D:4      | Noticed Natasha
  3024 | D:4      | Killed Natasha
  3314 | D:4      | Reached XP level 6. HP: 40/47 MP: 7/9
  3335 | D:4      | Found a staircase to the Ecumenical Temple.
  3339 | D:4      | Noticed Natasha
  3393 | D:4      | Noticed Edmund
  3404 | D:4      | Killed Edmund
  3519 | D:4      | Found a burning altar of Makhleb.
  3519 | D:4      | Found a glowing silver altar of Zin.
  3520 | D:4      | Noticed an angel
  3520 | D:4      | Noticed a cacodemon
  3768 | D:5      | Entered Level 5 of the Dungeon
  4035 | D:5      | Noticed a water moccasin
  4042 | D:5      | Killed a water moccasin
  4042 | D:5      | Your scales start taking on a lurid green colour.
  4042 | D:5      | Reached XP level 7. HP: 39/52 MP: 8/10
  4042 | D:5      | Gained mutation: Your system is resistant to poisons.
                  | (rPois) [Green Draconian growth]
  4140 | D:5      | Reached skill level 6 in Unarmed Combat
  4393 | D:5      | Found a basalt altar of Yredelemnul.
  4754 | D:6      | Reached skill level 5 in Transmutations
  4817 | D:6      | Noticed Eustachio
  4840 | D:6      | Killed Eustachio
  4909 | D:6      | Reached XP level 8. HP: 51/59 MP: 7/11
  4916 | D:6      | Learned a level 5 spell: Blade Hands
  4949 | D:6      | Noticed Sigmund
  4965 | D:6      | Killed Sigmund
  4965 | D:6      | Reached skill level 7 in Unarmed Combat
  5075 | D:6      | Noticed Pikel
  5105 | D:6      | Killed Pikel
  5629 | D:6      | Found Piopoud's Magic Scroll Emporium.
  5967 | D:7      | Noticed a hippogriff
  5974 | D:7      | Reached skill level 8 in Unarmed Combat
  5986 | D:7      | Killed a hippogriff
  5986 | D:7      | Reached skill level 5 in Dodging
  6248 | D:7      | Noticed Harold
  6300 | D:7      | Slain by Harold

Skill      XL: |  1  2  3  4  5  6  7  8 |
---------------+-------------------------+-----
Dodging        | 2 3 4 5 |  5.1
Unarmed Combat | 4 5 6 8 |  8.3
Transmutations | 3 4 5 6 |  6.6
Fighting       | |  1.6
Stealth        | |  0.8
Shields        | |  0.2
Spellcasting   | |  2.0

Action                   |  1- 3 |  4- 6 |  7- 9 || total
-------------------------+-------+-------+-------++-------
Melee: Unarmed           |   134 |   259 |   155 ||   548
       Kick              |    12 |    15 |    17 ||    44
       Tailslap          |    10 |    30 |     5 ||    45
       Headbutt          |     4 |    14 |     5 ||    23
       Punch             |     1 |     1 |     5 ||     7
 Cast: Beastly Appendage |    14 |    35 |    16 ||    65
       Sticks to Snakes  |       |    19 |    20 ||    39
       Spider Form       |       |     1 |     5 ||     6
  Use: Potion            |       |     2 |     6 ||     8
       Scroll            |       |     8 |       ||     8
 Stab: Sleeping          |     3 |     5 |     1 ||     9
       Distracted        |       |     1 |     1 ||     2
  Eat: Chunk             |     1 |     8 |     7 ||    16
       Ration            |       |     1 |     1 ||     2
Armor: Skin              |    34 |    70 |    48 ||   152
Dodge: Dodged            |    93 |   185 |   129 ||   407
Block: Shield            |       |     8 |       ||     8
